 Dungeon Crawl Stone Soup version 0.27-a0-1325-g58a489ad9e (webtiles) character file.

Game seed: 6774156336764326835

52 Nattfarinn the Magician (level 3, 0/16 HPs)
             Began as a Spriggan Conjurer on June 24, 2021.
             Succumbed to an adder's poison
             ... on level 2 of the Dungeon.
             The game lasted 00:03:24 (1681 turns).

Nattfarinn the Magician (Spriggan Conjurer)         Turns: 1681, Time: 00:03:24

Health: 0/16       AC:  2    Str:  1 (3)  XL:     3   Next: 60%
Magic:  4/9        EV: 17    Int: 17 (20) God:
Gold:   2          SH:  0    Dex: 11 (13) Spells: 7/10 levels left

rFire    . . .     SeeInvis +   b - +0 dagger
rCold    . . .     Faith    .   (shield restricted)
rNeg     . . .     Spirit   .   a - +0 robe
rPois    .         Reflect  .   (helmet restricted)
rElec    .         Harm     .   (no cloak)
rCorr    .         Rampage  .   (gloves unavailable)
Will     .....                  (boots unavailable)
Stlth    ++........             (no amulet)
HPRegen  0.05/turn              (no ring)
MPRegen  0.11/turn              (no ring)

@: lethally poisoned (0 -> -2), attractive, very slightly contaminated, very
quick
A: very small, no large weapons, unfitting armour, see invisible, speed 3
a: no special abilities


You were on level 2 of the Dungeon.
You visited 1 branch of the dungeon, and saw 2 of its levels.

You collected 30 gold pieces.
You spent 28 gold pieces at shops.

Inventory:

Hand Weapons
 b - a +0 dagger (weapon)
Armour
 a - a +0 robe (worn)
Scrolls
 d - a scroll of enchant armour
 f - a scroll of holy word {unknown}
Potions
 g - 2 potions of brilliance


   Skills:
 + Level 3.7 Dodging
 - Level 3.0 Stealth
 * Level 4.4 Spellcasting
 - Level 2.9 Conjurations


You had 7 spell levels left.
You knew the following spells:

 Your Spells              Type           Power      Damage    Failure   Level
a - Magic Dart            Conj           52%        1d5       4%          1
b - Searing Ray           Conj           26%        3d4       7%          2

Your spell library contained the following spells:

 Spells                   Type           Power      Damage    Failure   Level
 Dazzling Flash           Conj/Hex       16%        N/A       24%         3
 Fulminant Prism          Conj/Hex       4%         3d6       63%         4
 Iskenderun's Mystic Bla  Conj/Tloc      8%         2d4       63%         4


Dungeon Overview and Level Annotations

Branches:
Dungeon (2/15)

Altars:

Shops:
D:2 !!?


Innate Abilities, Weirdness & Mutations

You are very small and have problems with some larger weapons.
You are too small for most types of armour.
You have supernaturally acute eyesight. (SInv)
You cover ground extremely quickly. (Speed+++)


Message History

The adder is severely wounded.
The adder bites you.
You are poisoned.
The adder poisons you!
You miscast Magic Dart.
You are very lightly contaminated with residual magic.
Nothing appears to happen.
You feel sick. The adder completely misses you.
The magic dart hits the adder but does no damage.
The adder is severely wounded.
You feel sick. The adder closely misses you. x2
The magic dart hits the adder.
The adder is almost dead.
You feel sick. The adder bites you.
You are lethally poisoned!
The adder poisons you!
You are too injured to fight recklessly!
Aiming: Magic Dart (safe; 3% risk of failure)
Press: ? - help, Q - select action, (/) - cycle Shift-Dir - straight line, f/p - adder
Aim: an adder (almost dead, 100% to hit)
The magic dart hits the adder.
You kill the adder!
* * * LOW HITPOINT WARNING * * *
You feel sick.
Unknown command.
It was a potion of attraction.
You feel attractive to monsters.
* * * LOW HITPOINT WARNING * * *
You feel sick.
It was a potion of degeneration.
There was something very wrong with that liquid.
You feel weakened.
You feel dopey.
You feel clumsy.
* * * LOW HITPOINT WARNING * * *
You feel sick.
You close the door.
* * * LOW HITPOINT WARNING * * *
You feel sick.
There is a lethal amount of poison in your body!
You die...

#....#........#..........#
#..........# #..........#
# #.......^..# #.
########'#.# #.. ####
#.#.# #... #..# #.#.#
#....####8.#####.#†#
+....+@..........#..
#....#.8.∩.8.####### .....
####<##...... ####
#8##.##### .....# #.#####
.. .#. .#.


There were no monsters in sight!

Vanquished Creatures
  An adder (D:2)
  A dart slug (D:1)
  6 endoplasms
  3 giant cockroaches
  4 goblins (D:1)
  3 hobgoblins (D:1)
  5 jackals (D:1)
  5 ball pythons
  2 bats
  4 kobolds
  4 rats
38 creatures vanquished.

Vanquished Creatures (others)
  A fungus (D:1)
  A plant (D:1)
2 creatures vanquished.

Grand Total: 40 creatures vanquished

Notes
Turn   | Place    | Note
-------+----------+-------------------------------------------
     0 | D:1      | Nattfarinn the Spriggan Conjurer began the quest for the
                  | Orb.
     0 | D:1      | Reached XP level 1. HP: 9/9 MP: 5/5
    71 | D:1      | Reached skill level 3 in Spellcasting
   159 | D:1      | Reached XP level 2. HP: 13/13 MP: 0/7
   541 | D:1      | Found a faded altar of an unknown god.
   980 | D:1      | Reached skill level 4 in Spellcasting
  1001 | D:1      | Reached XP level 3. HP: 16/16 MP: 7/9
  1391 | D:1      | Learned a level 2 spell: Searing Ray
  1496 | D:2      | Found Arixoug's Distillery.
  1544 | D:2      | Found Risoakk's Distillery.
  1639 | D:2      | Found Moc Viagh's Magic Scroll Shop.
  1666 | D:2      | Bought a scroll of identify for 28 gold pieces
  1681 | D:2      | Succumbed to an adder's poison

Illustrated notes

Levels and vault maps discovered:
D:1:      lemuel_arrival_muddy, layout_loops_ring,
          hellmonk_ecumenical_altar_zigzags
D:2:      layout_basic, serial_shops, nicolae_shop_behind_doors,
          nicolae_shop_statue_plus, nicolae_shop_trees, shop,
          nicolae_shop_stone, minmay_pentomino_x2

Skill      XL: |  1  2 |
---------------+-------+-----
Spellcasting   | 3 4 |  4.4
Dodging        | 3 |  3.7
Stealth        | |  3.0
Conjurations   | |  2.9

Action                   || total
-------------------------++-------
Melee: Dagger            ||    11
 Cast: Magic Dart        ||    81
  Use: Scroll            ||     2
       Potion            ||     2
Armor: Robe              ||     2
Dodge: Dodged            ||    17

Table legend: (Time is in decaauts)
 A = Elapsed time spent in this place.
 B = Non-inter-level travel time spent in this place.
 C = Inter-level travel time spent in this place.
 D = Time resting spent in this place.
 E = Time spent auto-exploring this place.
 F = Levels seen in this place.
 G = Mean time per level.
                   A        B        C        D        E       F      G
               +--------+--------+--------+--------+--------+-----+--------+
         Total |   1329 |   1307 |     22 |      0 |   1144 |   2 |  664.5 |
       Dungeon |   1329 |   1307 |     22 |      0 |   1144 |   2 |  664.5 |
               +--------+--------+--------+--------+--------+-----+--------+

Top non-repeatable levels by time:
     D:1: 1119 daAuts
     D:2: 209 daAuts
